 Dungeon Crawl Stone Soup version 0.30-a0-23-ge60ba3568b (webtiles) character file.

Game seed: 12223797962612249302

49818 greasedhog the Unseen (level 14, 0/88 HPs)
             Began as a Gargoyle Enchanter on Aug 24, 2022.
             Was a High Priest of Dithmenos.
             Slain by a thrashing horror (5 damage)
             ... on level 2 of the Abyss.
             The game lasted 00:53:01 (23410 turns).

greasedhog the Unseen (Gargoyle Enchanter)         Turns: 23410, Time: 00:53:02

Health: 0/88       AC: 27    Str: 12    XL:     14   Next: 52%
Magic:  21/21      EV: 13    Int: 17    God:    Dithmenos [*****.]
Gold:   449        SH:  0    Dex: 14    Spells: 13/23 levels left

rFire   x . .      SeeInvis .    a - +2 dagger (freeze)
rCold   + + .      Faith    .    D - orb {guile}
rNeg    + . .      Spirit   .    T - +2 leather armour {rC+}
rPois   ∞          Reflect  .    p - +0 helmet
rElec   +          Harm     .    U - +0 cloak
rCorr   .          Rampage  .    S - +2 pair of gloves
Will    .....                    N - +0 pair of boots
Stlth   +++++++++.               x - amulet of magic regeneration
HPRegen 0.24/turn                k - ring of ice
MPRegen 0.57/turn                v - +4 ring of protection

@: confusing by touch, about to teleport, flying, wreathed by umbra
A: sickness immunity, AC +10, big wings, negative energy resistance 1,
electricity resistance, torment resistance 1, petrification resistance, wild
magic 1
a: Renounce Religion, Shadow Step, Shadow Form


You were on level 2 of the Abyss.
You worshipped Dithmenos.
Dithmenos was extremely pleased with you.
You visited 3 branches of the dungeon, and saw 17 of its levels.
You visited the Abyss 1 time.
You also visited: Sewer and Ice Cave.

You collected 1057 gold pieces.
You spent 608 gold pieces at shops.

Inventory:

Hand Weapons
 a - a +2 dagger of freezing (weapon)
 h - a +2 dagger of holy wrath
 n - a +3 scimitar of flaming
 L - a +3 short sword
Missiles
 I - 5 throwing nets
Armour
 p - a +0 helmet (worn)
 D - an orb of guile (worn)
 N - a +0 pair of boots (worn)
 S - a +2 pair of gloves (worn)
 T - a +2 leather armour of cold resistance (worn)
 U - a +0 cloak (worn)
Jewellery
 c - a ring of positive energy
 d - a +6 ring of strength
 k - a ring of ice (left hand)
 v - a +4 ring of protection (right hand)
 x - an amulet of magic regeneration (around neck)
 W - a ring of positive energy
Wands
 g - a wand of flame (17)
 q - a wand of charming (10)
 t - a wand of roots (9)
 H - a wand of quicksilver (5)
 O - a wand of polymorph (12)
 P - a wand of digging (13)
 V - a wand of mindburst (6)
Scrolls
 b - 4 scrolls of enchant weapon
 m - 5 scrolls of amnesia
 o - 4 scrolls of immolation
 s - 6 scrolls of butterflies
 w - 2 scrolls of summoning
 z - 2 scrolls of identify
 A - 3 scrolls of fear
 E - 2 scrolls of poison
 G - 3 scrolls of blinking
 J - 6 scrolls of teleportation
 M - 2 scrolls of enchant armour
 Q - 3 scrolls of magic mapping
Potions
 e - 4 potions of mutation
 f - 4 potions of ambrosia
 i - 3 potions of curing
 j - 3 potions of haste
 l - a potion of lignification
 r - 7 potions of heal wounds
 u - a potion of magic {unknown}
 B - a potion of might
 C - a potion of berserk rage {unknown}
 F - 2 potions of resistance {unknown}
 K - a potion of cancellation {unknown}
 R - 2 potions of brilliance
Miscellaneous
 y - a condenser vane


   Skills:
 - Level 10.1 Fighting
 - Level 5.2 Short Blades
 - Level 5.6 Armour
 - Level 5.0 Dodging
 * Level 15.3 Stealth
 - Level 5.0 Spellcasting
 * Level 15.2 Hexes


You had 13 spell levels left.
You knew the following spells:

 Your Spells              Type           Power      Damage    Failure   Level
a - Ensorcelled Hibernat  Hex/Ice        100%       N/A       2%          2
b - Confusing Touch       Hex            64%        N/A       1%          3
c - Yara's Violent Unrav  Hex/Tmut       19%        3d9       30%         5

Your spell library contained the following spells:

 Spells                   Type           Power      Damage    Failure   Level
 Tukima's Dance           Hex            64%        N/A       1%          3
 Dazzling Flash           Conj/Hex       78%        N/A       4%          3
 Inner Flame              Hex/Fire       39%        N/A       4%          3
 Summon Guardian Golem    Hex/Summ       39%        N/A       4%          3
 Anguish                  Hex/Necr       19%        N/A       12%         4
 Fulminant Prism          Conj/Hex       19%        3d11      12%         4
 Apportation              Tloc           10%        N/A       26%         1
 Beastly Appendage        Tmut           10%        N/A       26%         1
 Foxfire                  Conj/Fire      20%        2x1d5     26%         1
 Necrotise                Necr           20%        1d5       26%         1
 Sandblast                Erth           10%        2d5       26%         1
 Summon Small Mammal      Summ           20%        N/A       26%         1
 Metabolic Englaciation   Hex/Ice        28%        N/A       30%         5
 Passwall                 Tmut/Erth      4%         N/A       34%         2
 Wereblood                Tmut           5%         N/A       34%         2
 Enfeeble                 Hex            32%        N/A       36%         7
 Call Canine Familiar     Summ           5%         N/A       56%         3
 Conjure Flame            Conj/Fire      5%         6-21      56%         3
 Spider Form              Tmut/Pois      5%         N/A       56%         3
 Stone Arrow              Conj/Erth      10%        3d7       56%         3
 Corpse Rot               Necr/Pois/Air  5%         N/A       91%         4
 Dispel Undead            Necr           5%         3d7       91%         4
 Flame Wave               Conj/Fire      5%         2d5       91%         4
 Iskenderun's Mystic Bla  Conj/Tloc      5%         2d3       91%         4
 Olgreb's Toxic Radiance  Pois           5%         N/A       91%         4
 Petrify                  Tmut/Erth      5%         N/A       91%         4
 Summon Lightning Spire   Summ/Air       5%         N/A       91%         4
 Lee's Rapid Deconstruct  Erth           2%         3d6*      99%         5
 Death Channel            Necr           2%         N/A       100%        6
 Ozocubu's Refrigeration  Ice            4%         4d8       100%        7
 Storm Form               Tmut/Air       2%         N/A       100%        7
 Summon Hydra             Summ           2%         N/A       100%        7
 Ignition                 Fire           2%         3d3       100%        8
 Maxwell's Capacitive Co  Air            2%         ∞         100%        8
 Sublimation of Blood     Necr           Unusable   N/A       N/A         2
 Statue Form              Tmut/Erth      Unusable   N/A       N/A         6

Dungeon Overview and Level Annotations

Branches:
Dungeon (11/15)            Temple (1/1) D:7            Lair (5/5) D:8
 Shoals (0/4) Lair:3        Snake (0/4) Lair:3        Slime (0/5) Lair:5
    Orc (0/2) D:11          Sewer (visited)           IceCv (visited)

Altars:
Ashenzari
Cheibriados
Dithmenos
Elyvilon
Fedhas
Gozag
Hepliaklqana
Kikubaaqudgha
Makhleb
Nemelex Xobeh
Okawaru
Qazlal
Ru
Sif Muna
Trog
Uskayaw
Vehumet
Wu Jian
Xom
Yredelemnul
Zin
The Shining One

Shops:
D:3 !   D:5 *   D:9 (([?[

Annotations:
D:5 3 runed translucent doors, odiv's ghost, amateur PaWr
D:11 2 runed translucent doors, SensoryNuts's ghost, journeyman MiFi


Innate Abilities, Weirdness & Mutations

You are immune to sickness and miasma.
Your stone body is resilient. (AC +10)
You are immune to poison.
Your large and strong wings let you fly.
You resist negative energy. (rN+)
You are resistant to electric shocks. (rElec)
You are resistant to unholy torment.
You are immune to petrification.
Your spells are a little harder to cast, but a little more powerful.


Message History

The thrashing horror tramples you but does no damage. x2
A starcursed mass splits.
Casting: Confusing Touch (safe; 1% risk of failure)
Confirm with . or Enter, or press ? or * to list all spells.
Your hands begin to glow red.
The thrashing horror tramples you but does no damage.
The thrashing horror completely misses you.
The thrashing horror tramples you.
* * * LOW HITPOINT WARNING * * *
You hold your ground!
The thrashing horror tramples you but does no damage.
A starcursed mass splits.
You hit the thrashing horror but do no damage.
The thrashing horror tramples you!
* * * LOW HITPOINT WARNING * * *
You hold your ground!
The thrashing horror tramples you but does no damage.
You hit the thrashing horror but do no damage.
The thrashing horror closely misses you.
The thrashing horror tramples you but does no damage.
A raiju comes into view.
The thrashing horror misses you.
The thrashing horror closely misses you.
The thrashing horror tramples you but does no damage.
The thrashing horror barely misses you.
The thrashing horror closely misses you.
The thrashing horror barely misses you.
The thrashing horror tramples you but does no damage. x2
The thrashing horror closely misses you.
The thrashing horror tramples you but does no damage.
The thrashing horror completely misses you.
The thrashing horror tramples you but does no damage.
The thrashing horror tramples you but does no damage. x2
The thrashing horror tramples you!
* * * LOW HITPOINT WARNING * * *
You are shoved backwards!
The thrashing horror attacks as you move away!
The thrashing horror tramples you but does no damage.
The thrashing horror tramples you.
You die...

#§ §#####
####...##
####.###
#.#..#
#..#.#
####.#..
###.##
#.X.#
#@##..#
#....#.#
..#### .#
####


You could see a thrashing horror.

Vanquished Creatures
  A tentacled starspawn (Abyss:2)
  A very ugly thing (Abyss:2)
  Snorg (Lair:4)
  A quicksilver dragon zombie (Abyss:2)
  Harold (D:11)
  3 hydras
  2 catoblepae (Lair:3)
  Erica (D:11)
  2 two-headed ogres
  3 death yaks (Lair:5)
  Urug (D:11)
  A death drake (D:11)
  A bog body (IceCv)
  4 lindwurms (Lair:2)
  Pikel (D:6)
  A necromancer (IceCv)
  A cyclops (D:11)
  4 manticores
  An apocalypse crab (Abyss:2)
  12 elephants
  3 black mambas
  2 ice statues (IceCv)
  2 gargoyles (D:11)
  5 cane toads
  8 komodo dragons
  4 rime drakes
  Maggie (D:10)
  A kobold demonologist (D:11)
  7 ice devils (IceCv)
  A freezing wraith (IceCv)
  A troll (D:11)
  3 polar bears
  12 blink frogs
  Prince Ribbit (D:8)
  A flying skull (Abyss:2)
  A shadow (D:9)
  5 wyverns
  3 wraiths
  A dire elephant simulacrum (IceCv)
  26 yaks
  2 chaos spawn
  Grum (D:8)
  6 basilisks
  Menkaure (D:6)
  4 harpy simulacra (IceCv)
  A naga (Lair:3)
  5 hydra simulacra (IceCv)
  4 wargs (D:11)
  An acid dragon (D:9)
  13 water moccasins
  2 ice beasts
  4 black bears
  2 sky beasts
  4 orc warriors
  8 wolves
  4 centaurs
  2 ogres (D:6)
  Blork the orc (D:4)
  2 kobold brigands (D:7)
  A necrophage (D:5)
  11 bullfrogs
  5 scorpions
  2 gnoll sergeants
  A cane toad simulacrum (IceCv)
  8 wights
  2 two-headed ogre simulacra (IceCv)
  10 killer bees
  5 electric eels
  2 howler monkeys
  A jelly (D:6)
  4 hounds
  3 gnoll boudas
  2 orc priests
  Ijyb (D:3)
  6 iguanas
  Natasha (thrice) (D:3)
  11 orc wizards
  6 hell rats (Lair:2)
  5 small abominations
  2 hound zombies
  A hound skeleton (D:3)
  18 gnolls
  18 adders
  3 river rats (D:5)
  2 white imps
  3 ufetubi
  2 adder zombies
  4 worms
  2 dart slugs
  39 orcs
  8 ball pythons
  9 endoplasms
  10 giant cockroaches
  6 hobgoblins
  4 jackals (D:1)
  9 quokkas
  A ball python zombie (D:3)
  4 bats
  17 frilled lizards
  3 goblins
  19 kobolds
  A quokka skeleton (D:3)
  9 rats
  A starspawn tentacle (Abyss:2)
482 creatures vanquished.

Vanquished Creatures (collateral kills)
  A killer bee (D:7)
1 creature vanquished.

Vanquished Creatures (others)
  A killer bee (D:7)
  11 fungi
  33 plants
  5 starspawn tentacles (Abyss:2)
50 creatures vanquished.

Grand Total: 533 creatures vanquished

Notes
Turn   | Place    | Note
-------+----------+-------------------------------------------
     0 | D:1      | greasedhog the Gargoyle Enchanter began the quest for the
                  | Orb.
     0 | D:1      | Reached XP level 1. HP: 10/10 MP: 3/3
    24 | D:1      | Reached skill level 1 in Short Blades
    91 | D:1      | Reached XP level 2. HP: 5/15 MP: 5/5
   646 | D:1      | Learned a level 2 spell: Ensorcelled Hibernation
   709 | D:1      | Found a faded altar of an unknown god.
  1079 | D:1      | Reached XP level 3. HP: 5/19 MP: 6/6
  1439 | D:1      | Learned a level 3 spell: Confusing Touch
  2146 | D:2      | Reached XP level 4. HP: 10/24 MP: 7/7
  2972 | D:3      | HP: 1/24 [hobgoblin (4)]
  3287 | D:3      | Reached XP level 5. HP: 9/28 MP: 8/8
  3582 | D:3      | Reached skill level 5 in Stealth
  3670 | D:3      | Noticed Ijyb
  3695 | D:3      | Killed Ijyb
  3773 | D:3      | Noticed Natasha
  3777 | D:3      | Killed Natasha
  3814 | D:3      | Found Emutim's Distillery.
  4021 | D:3      | Noticed Natasha
  4045 | D:3      | Killed Natasha
  4046 | D:3      | Reached XP level 6. HP: 16/32 MP: 1/9
  4106 | D:3      | Noticed Natasha
  4112 | D:3      | Killed Natasha
  4367 | D:4      | Noticed Blork the orc
  4375 | D:4      | Killed Blork the orc
  4511 | D:4      | Found a basalt altar of Yredelemnul.
  5306 | D:4      | Reached XP level 7. HP: 23/36 MP: 10/10
  5794 | D:5      | Entered Level 5 of the Dungeon
  6070 | D:5      | Found a glowing drain.
  6083 | Sewer    | Entered a sewer
  6960 | D:5      | Noticed odiv's ghost (amateur PaWr)
  6991 | D:5      | Found a runed translucent gate.
  6991 | D:5      | Found a runed translucent gate.
  6991 | D:5      | Found a runed translucent gate.
  7103 | D:5      | Reached skill level 5 in Hexes
  7103 | D:5      | Reached XP level 8. HP: 38/41 MP: 1/11
  7260 | D:5      | Reached skill level 5 in Short Blades
  7615 | D:5      | Found Lamuydagh's Assorted Antiques.
  7631 | D:5      | Bought 3 scrolls labelled SUTINW JENIFFY for 72 gold pieces
  7631 | D:5      | Bought a scroll labelled UWINUG DEES for 24 gold pieces
  7631 | D:5      | Bought a scroll of identify for 48 gold pieces
  8403 | D:6      | Noticed Menkaure
  8409 | D:6      | Killed Menkaure
  8725 | D:6      | Noticed Pikel
  8734 | D:6      | Killed Pikel
  8735 | D:6      | Reached XP level 9. HP: 42/45 MP: 7/12
  8879 | D:6      | Reached skill level 10 in Stealth
  9255 | D:7      | Found a staircase to the Ecumenical Temple.
  9263 | D:7      | Reached skill level 1 in Fighting
  9306 | Temple   | Entered the Ecumenical Temple
  9776 | Temple   | Became a worshipper of Dithmenos the Shadowed
 10482 | D:7      | Reached XP level 10. HP: 26/56 MP: 9/13
 10603 | D:7      | Reached * piety under Dithmenos
 10856 | D:7      | Reached skill level 5 in Fighting
 11735 | D:8      | Noticed Grum
 11742 | D:8      | Killed Grum
 12102 | D:8      | Learned a level 5 spell: Yara's Violent Unravelling
 12315 | D:8      | Found a staircase to the Lair.
 12560 | D:8      | Noticed Prince Ribbit
 12569 | D:8      | Killed Prince Ribbit
 13035 | D:9      | Found Ymime's Magic Scroll Shop.
 13038 | D:9      | Bought a scroll of identify for 34 gold pieces
 13038 | D:9      | Bought a scroll of fear for 68 gold pieces
 13054 | D:9      | Found Liruc's Antique Armour Emporium.
 13063 | D:9      | Bought a pair of runed gloves for 217 gold pieces
 13063 | D:9      | Bought a glowing leather armour for 145 gold pieces
 13137 | D:9      | Reached skill level 10 in Hexes
 13190 | D:9      | Found Pieqael's Antique Armour Boutique.
 13281 | D:9      | Reached ** piety under Dithmenos
 13286 | D:9      | Reached XP level 11. HP: 66/68 MP: 4/14
 13318 | D:9      | Found Lumuneli's Weapon Emporium.
 13364 | D:9      | Noticed a two-headed ogre
 13366 | D:9      | Killed a two-headed ogre
 13469 | D:9      | Found Zicim's Weapon Emporium.
 13730 | D:10     | Entered Level 10 of the Dungeon
 13976 | D:10     | Noticed Maggie
 13984 | D:10     | Killed Maggie
 14217 | D:10     | Noticed a seven-headed hydra
 14232 | D:10     | Killed a seven-headed hydra
 14656 | D:10     | Noticed a two-headed ogre
 14663 | D:10     | Killed a two-headed ogre
 14664 | D:10     | Reached skill level 10 in Fighting
 14821 | D:11     | Noticed Erica
 14828 | D:11     | Killed Erica
 14889 | D:11     | Noticed a manticore
 14894 | D:11     | Killed a manticore
 15002 | D:11     | Found a large runed translucent door.
 15125 | D:11     | Noticed a death drake
 15136 | D:11     | Killed a death drake
 15183 | D:11     | Found a staircase to the Orcish Mines.
 15184 | D:11     | Noticed Urug
 15193 | D:11     | Reached XP level 12. HP: 77/77 MP: 11/15
 15225 | D:11     | Noticed Harold
 15266 | D:11     | Gained mutation: Your large and strong wings let you fly.
                  | [potion of mutation]
 15266 | D:11     | Gained mutation: Your spells are a little harder to cast,
                  | but a little more powerful. [potion of mutation]
 15664 | D:11     | Found a large runed translucent door.
 15665 | D:11     | Noticed SensoryNuts's ghost (journeyman MiFi)
 15855 | D:11     | Killed Harold
 15859 | D:11     | Reached skill level 5 in Armour
 16269 | D:11     | Killed Urug
 16425 | Lair:1   | Entered Level 1 of the Lair of Beasts
 16528 | Lair:1   | Reached *** piety under Dithmenos
 17072 | Lair:1   | Reached skill level 5 in Dodging
 17673 | Lair:2   | Reached XP level 13. HP: 82/82 MP: 16/18
 17734 | Lair:2   | Identified the +9 ring mail "Xidephyde" {Dex+4}
 18526 | Lair:2   | Reached **** piety under Dithmenos
 18812 | Lair:3   | Reached skill level 5 in Spellcasting
 18899 | Lair:3   | Found a staircase to the Snake Pit.
 19419 | Lair:3   | Found a staircase to the Shoals.
 19932 | Lair:4   | Found a dark tunnel.
 20312 | Lair:4   | Found a frozen archway.
 20323 | IceCv    | Entered an ice cave
 21196 | IceCv    | Reached ***** piety under Dithmenos
 21980 | Lair:4   | Mutation became permanent: Your large and strong wings let
                  | you fly. [Gargoyle growth]
 21980 | Lair:4   | Gained mutation: Your large and strong wings let you fly.
                  | [Gargoyle growth]
 21980 | Lair:4   | Reached XP level 14. HP: 88/88 MP: 21/21
 21988 | Lair:4   | Noticed Snorg
 21995 | Lair:4   | Killed Snorg
 22077 | Lair:5   | Entered Level 5 of the Lair of Beasts
 22234 | Lair:5   | Found a staircase to the Slime Pits.
 22415 | Lair:5   | Reached skill level 15 in Hexes
 22439 | Lair:5   | Reached skill level 15 in Stealth
 22455 | Abyss:2  | Cast into level 2 of the Abyss (spriggan)
 22545 | Abyss:2  | Found a sacrificial altar of Ru.
 22549 | Abyss:2  | Noticed an Executioner
 22558 | Abyss:2  | Found a sacrificial altar of Ru.
 22558 | Abyss:2  | Found a sacrificial altar of Ru.
 22592 | Abyss:2  | Paralysed by you for 3 turns
 22757 | Abyss:2  | Noticed a starcursed mass
 23091 | Abyss:2  | Noticed a balrug
 23093 | Abyss:2  | Noticed a tentacled starspawn
 23116 | Abyss:2  | Noticed a tentacled starspawn
 23160 | Abyss:2  | Killed a tentacled starspawn
 23189 | Abyss:2  | Noticed a red very ugly thing
 23204 | Abyss:2  | Killed a red very ugly thing
 23221 | Abyss:2  | Noticed a reaper
 23224 | Abyss:2  | Found a corrupted altar of Lugonu.
 23230 | Abyss:2  | Noticed a tentacled monstrosity
 23335 | Abyss:2  | Noticed an Executioner
 23393 | Abyss:2  | Noticed a starcursed mass
 23410 | Abyss:2  | Slain by a thrashing horror

Illustrated notes

Levels and vault maps discovered:
D:1:      onia_arrival_pyramid, layout_basic, basic_ecumenical_altar,
          serial_park_tiny_pond, serial_bayou_pond_d
D:2:      layout_basic
D:3:      layout_rooms, serial_shops, shop, serial_undead, serial_undead_c,
          serial_undead_d, serial_undead_d, serial_undead_a, serial_undead_e,
          uniq_natasha, uniq_ijyb
D:4:      nicolae_BIG_FREAKIN_CUBE, layout_loops_ring,
          lemuel_zombie_altar_yredelemnul, chequers_decorated_corner,
          grunt_ministairs_12, kennysheep_dice, uniq_blork_the_orc
D:5:      layout_loops_ring, gammafunk_ghost_icy, serial_shops,
          nicolae_stop_n_shop_2, lightli_sewer_entry_pipes,
          minmay_misc_feat_rugged, corexii_item_surrounded_by_moat, minmay_bent
D:6:      layout_loops_ring, minmay_misc_feat_diagonals, minivault_25,
          uniq_menkaure, uniq_pikel
D:7:      layout_cave_pods, minmay_temple_entry_grid,
          nicolae_ossuary_entry_ruins, serial_bayou_pond_e,
          kennysheep_generic_room_10
D:8:      layout_loops_corners, grunt_lair_entry_orc_guard_hut,
          uniq_prince_ribbit1, uniq_grum
D:9:      layout_gridville, serial_shops, nicolae_stop_n_shop_2,
          nicolae_lakefront_shop, nicolae_lakefront_shop, kennysheep_mini,
          nicolae_shop_statue_plus, grunt_ministairs_14,
          chequers_serial_rivers_small_b
D:10:     layout_grid_maze, uniq_maggie
D:11:     layout_basic, minmay_orc_entry_guard_dogs,
          ebering_ghost_disaster_area, kennysheep_generic_room_13, uniq_urug,
          uniq_harold, uniq_erica
Temple:   mainiacjoe_temple_trianglar_array
Lair:1:   layout_chaotic_city, chequers_serial_rivers_micro_c, minivault_26
Lair:2:   layout_misc_corridors, minmay_lindwurm_lava, lemuel_fruit_tree,
          serial_bayou_shore_a
Lair:3:   nzn_motion_control, layout_layer_cave, elwin_shoals_entry_rocks,
          guppyfry_snake_entry_island, serial_bayou_shore_b, grunt_megastairs_5,
          infiniplex_staircase_pool
Lair:4:   layout_loops_ring, nicolae_volcano_entry_hallway,
          portal_ice_cave_entry_pillars_2, disabler_island,
          serial_bayou_shore_b, grunt_megastairs_4, uniq_snorg
Lair:5:   hellmonk_lair_end_abyssal_woods, layout_gridlike, slime_entry_1
Abyss:2:  base: D:15, evilmike_abyss_exit_12, small_statue_intersection,
          hangedman_relentless_pull, hangedman_relentless_pull, minivault_25_ag,
          base: Volcano, evilmike_abyss_exit_glass

Skill      XL: |  1  2  3  4  5  6  7  8  9 10 11 12 13 14 |
---------------+-------------------------------------------+-----
Short Blades   | 1 2 3 4 5 |  5.2
Stealth        | 4 5 6 7 9 10 13 15 | 15.3
Hexes          | 3 4 5 7 8 10 12 13 14 15 | 15.2
Fighting       | 4 8 10 | 10.1
Armour         | 4 5 |  5.6
Dodging        | 5 |  5.0
Spellcasting   | 3 5 |  5.0

Action                   |  1- 3 |  4- 6 |  7- 9 | 10-12 | 13-15 || total
-------------------------+-------+-------+-------+-------+-------++-------
Melee: Dagger            |   158 |   286 |   431 |   388 |   425 ||  1688
       Punch             |       |     3 |     1 |       |       ||     4
       Scimitar          |       |       |       |       |    33 ||    33
 Cast: Ensorcelled Hiber |       |    16 |    72 |   146 |    72 ||   306
       Confusing Touch   |       |       |     8 |    20 |    43 ||    71
Invok: Shadow Step       |       |       |       |     1 |       ||     1
Evoke: Wand              |       |     7 |       |     8 |       ||    15
  Use: Potion            |     1 |     1 |       |     6 |     3 ||    11
       Scroll            |     2 |     3 |     3 |     2 |    10 ||    20
 Stab: Sleeping          |     7 |    17 |    58 |   118 |    87 ||   287
       Invisible         |     1 |     1 |       |       |     5 ||     7
       Distracted        |       |     1 |       |       |     2 ||     3
       Confused          |       |       |     7 |    16 |    45 ||    68
Armor: Robe              |    38 |     1 |       |       |       ||    39
       Leather armour    |       |   111 |   222 |   300 |   200 ||   833
Dodge: Dodged            |    97 |   153 |   230 |   325 |   277 ||  1082

Table legend: (Time is in decaauts)
 A = Elapsed time spent in this place.
 B = Non-inter-level travel time spent in this place.
 C = Inter-level travel time spent in this place.
 D = Time resting spent in this place.
 E = Time spent auto-exploring this place.
 F = Levels seen in this place.
 G = Mean time per level.
                   A        B        C        D        E       F      G
               +--------+--------+--------+--------+--------+-----+--------+
         Total |  23156 |  22508 |    648 |   3738 |  14317 |  20 | 1157.8 |
       Dungeon |  15150 |  14675 |    475 |   2493 |   9668 |  11 | 1377.3 |
        Temple |    491 |    455 |     36 |      0 |    453 |   1 |  491.0 |
          Lair |   4659 |   4522 |    137 |    467 |   3216 |   5 |  931.8 |
         Abyss |    936 |    936 |      0 |    351 |    132 |   1 |  936.0 |
         Sewer |    681 |    681 |      0 |      0 |    420 |   1 |  681.0 |
      Ice Cave |   1238 |   1238 |      0 |    427 |    427 |   1 | 1238.0 |
               +--------+--------+--------+--------+--------+-----+--------+

Top non-repeatable levels by time:
     D:5: 1764 daAuts
     D:8: 1623 daAuts
     D:7: 1586 daAuts
     D:2: 1571 daAuts
     D:1: 1451 daAuts
     D:4: 1408 daAuts
    D:10: 1384 daAuts
     D:3: 1300 daAuts
   IceCv: 1238 daAuts
    D:11: 1213 daAuts
  Lair:3: 1206 daAuts
  Lair:2: 1128 daAuts
  Lair:1: 1121 daAuts
     D:6: 1072 daAuts
 Abyss:2: 936 daAuts
